 Dungeon Crawl Stone Soup version 0.19-a0-1203-g7dfd8ee (webtiles) character file.

7672 Cimanyd the Destroyer (level 11, -4/63 HPs)
             Began as a Tengu Conjurer on Aug 20, 2016.
             Was a Priest of Sif Muna.
             Slain by a six-headed hydra (9 damage)
             ... on level 1 of the Lair of Beasts.
             The game lasted 00:54:54 (15148 turns).

Cimanyd the Destroyer (Tengu Conjurer)             Turns: 15148, Time: 00:54:55

Health: -4/63      AC:  9    Str: 14    XL:     11   Next: 18%
Magic:  17/22      EV: 15    Int: 18    God:    Sif Muna [***...]
Gold:   507        SH:  5    Dex: 14    Spells: 6 memorised, 9 levels left

rFire  . . .     SeeInvis .     h - +1 dagger (venom)
rCold  . . .     Gourm    .     a - +0 robe
rNeg   . . .     Faith    .     E - +0 buckler
rPois  .         Spirit   .     (helmet restricted)
rElec  .         Dismiss  .     s - +1 cloak
rCorr  .         Reflect  .     P - +2 pair of gloves
MR     .....     Harm     .     (boots unavailable)
Stlth  ++........               (no amulet)
                                r - ring of wizardry
                                A - +4 ring of strength

@: no status effects
A: beak, talons 3, slimy green scales 1, able to fly 1
a: Fly, Divine Energy, Channel Magic, Renounce Religion


You were on level 1 of the Lair of Beasts.
You worshipped Sif Muna.
Sif Muna was most pleased with you.
You were near starving.

You visited 3 branches of the dungeon, and saw 11 of its levels.

You collected 507 gold pieces.

Inventory:

Hand Weapons
 h - a +1 dagger of venom (weapon)
Armour
 a - a +0 robe (worn)
 s - a +1 cloak (worn)
 E - a +0 buckler (worn)
 P - a +2 pair of gloves (worn)
Magical Staves
 x - an uncursed staff of summoning
 G - an uncursed staff of poison
Jewellery
 r - a ring of wizardry (right hand)
 v - an uncursed ring of protection from magic
 A - a +4 ring of strength (left hand)
Wands
 w - a wand of acid (3/15)
 B - a wand of random effects (17/48)
 O - a wand of iceblast (10/15)
 Q - a wand of flame (8/48)
 R - a wand of lightning (3/15)
Scrolls
 i - 3 scrolls of identify
 l - 4 scrolls of enchant weapon
 m - 9 scrolls of remove curse
 p - 2 scrolls of recharging
 q - 2 scrolls of noise
 t - 2 scrolls of teleportation
 H - a scroll of immolation {unknown}
 I - 2 scrolls of vulnerability {unknown}
 K - a scroll of amnesia
 N - a scroll of torment {unknown}
Potions
 d - 2 potions of resistance {unknown}
 e - 3 potions of agility {unknown}
 g - 8 potions of curing
 j - 4 potions of flight
 k - a potion of brilliance
 o - a potion of heal wounds {unknown}
 u - 2 potions of haste {unknown}
 z - a potion of magic {unknown}
 C - a potion of mutation {unknown}
 D - a potion of cancellation {unknown}
 L - 2 potions of lignification {unknown}
 M - 3 potions of might {unknown}
Books
 b - a book of Conjurations

   Spells                             Type                      Level
   a - Magic Dart                     Conjuration                  1
   b - Searing Ray                    Conjuration                  2
   c - Dazzling Spray                 Conjuration/Hexes            3
   d - Fulminant Prism                Conjuration/Hexes            4
   e - Iskenderun's Mystic Blast      Conjuration                  4
   f - Iskenderun's Battlesphere      Conjuration/Charms           5
 y - a book of Cantrips

   Spells                             Type                      Level
   a - Confusing Touch                Hexes                        1
   b - Animate Skeleton               Necromancy                   1
   c - Summon Small Mammal            Summoning                    1
   d - Apportation                    Translocation                1
 F - a book of Fire

   Spells                             Type                      Level
   a - Ignite Poison                  Fire/Transmutation/Poison    3
   b - Fireball                       Conjuration/Fire             5
   c - Bolt of Fire                   Conjuration/Fire             6
   d - Delayed Fireball               Conjuration/Fire             7
   e - Ring of Flames                 Charms/Fire                  7
 J - a book of Frost

   Spells                             Type                      Level
   a - Freeze                         Ice                          1
   b - Throw Frost                    Conjuration/Ice              2
   c - Ozocubu's Armour               Charms/Ice                   3
   d - Throw Icicle                   Conjuration/Ice              4
   e - Summon Ice Beast               Ice/Summoning                4
 S - a Young Poisoner's Handbook

   Spells                             Type                      Level
   a - Sting                          Conjuration/Poison           1
   b - Mephitic Cloud                 Conjuration/Poison/Air       3
   c - Olgreb's Toxic Radiance        Poison                       4
   d - Alistair's Intoxication        Transmutation/Poison         5
   e - Venom Bolt                     Conjuration/Poison           5
Comestibles
 c - 7 bread rations
 n - 2 meat rations


   Skills:
 - Level 5.1 Fighting
 - Level 6.2 Dodging
 - Level 2.0 Stealth
 - Level 4.3 Shields
 * Level 7.1 Spellcasting
 + Level 12.2 Conjurations
 - Level 4.0 Charms
 - Level 2.0 Necromancy
 - Level 2.0 Translocations
 * Level 6.9 Fire Magic


You had 9 spell levels left.
You knew the following spells:

 Your Spells              Type           Power        Failure   Level  Hunger
a - Animate Skeleton      Necr           N/A          2%          1    None
d - Magic Dart            Conj           ####         1%          1    None
f - Fireball              Conj/Fire      #####.....   3%          5    #####..
r - Searing Ray           Conj           ######       1%          2    None
s - Iskenderun's Battles  Conj/Chrm      #####...     6%          5    #####..
A - Apportation           Tloc           ##........   2%          1    None


Dungeon Overview and Level Annotations

Branches:
Dungeon (9/15)             Temple (1/1) D:6            Lair (1/6) D:9
    Orc: D:9-12

Altars:
Ashenzari
Cheibriados
Dithmenos
Elyvilon
Fedhas
Gozag
Hepliaklqana
Kikubaaqudgha
Makhleb
Nemelex Xobeh
Okawaru
Qazlal
Ru
Sif Muna
Trog
Uskayaw
Vehumet
Xom
Yredelemnul
Zin
The Shining One

Shops:
D:8 ?

Annotations:
D:3 1 runed door (yuif)
D:4 Edmund
D:7 Dowan, Duvessa


Innate Abilities, Weirdness & Mutations

You have a beak for a mouth.
You have claws for feet.
You can fly.
You are partially covered in slimy green scales. (AC +2)


Message History

The six-headed hydra bites you but does no damage.
Okay, then.
The six-headed hydra misses you.
The six-headed hydra completely misses you.
The six-headed hydra bites you!
* * * LOW HITPOINT WARNING * * *
The six-headed hydra closely misses you.
The six-headed hydra bites you!
* * * LOW HITPOINT WARNING * * *
The six-headed hydra bites you.
* * * LOW HITPOINT WARNING * * *
Okay, then.
Evoke which item? (* to show all) (? for menu, Esc to quit)
Okay, then.
Okay, then.
It was a potion of curing.
You feel better.
The six-headed hydra barely misses you. x2; The six-headed hydra bites you.
* * * LOW HITPOINT WARNING * * *
The six-headed hydra bites you!
You die...

..#..#+##....#########...........
.#......#...........##....P##.###
.#...:..#.....#.....##...........
.#......#....##.....#.....#......
........#...........##...........
.#...........##.....##....P......
.#......#....##.#.P###....P####..
...............#..####...........
.#.######......D@................
...Z...................[.........
######..##############.##.##.####
#### #########


You could see a six-headed hydra.

Vanquished Creatures
  A spiny frog (Lair:1)
  A troll (D:9)
  Grinder (D:6)
  Sigmund (D:4)
  A wyvern (D:8)
  3 hippogriffs
  4 yaks
  3 water moccasins
  6 sky beasts
  4 ice beasts
  2 porcupines (Lair:1)
  5 ogres
  2 centaurs
  4 crocodiles
  A big kobold (D:8)
  3 giant frogs
  A wyvern zombie (D:9)
  A scorpion (D:9)
  A wyvern skeleton (D:9)
  3 killer bees (D:9)
  5 wights (D:9)
  3 howler monkeys (D:7)
  4 crimson imps
  A quasit (D:5)
  6 hounds
  A gnoll shaman (D:5)
  6 iguanas
  5 orc priests
  A jelly (D:7)
  6 orc wizards
  A centaur skeleton (D:5)
  2 giant frog skeletons
  9 worker ants
  6 sheep (Lair:1)
  A hound zombie (D:5)
  2 worker ant zombies
  19 gnolls
  13 adders
  7 river rats (Lair:1)
  5 shadow imps
  4 oozes
  An adder zombie (D:9)
  2 adder skeletons
  A dart slug (D:2)
  3 giant geckos
  12 orcs
  8 bats
  8 giant cockroaches
  9 goblins
  12 hobgoblins
  3 jackals
  6 quokkas
  A ball python (D:1)
  7 giant newts
  11 kobolds
  6 rats
  A fungus (D:9)
246 creatures vanquished.

Vanquished Creatures (collateral kills)
  A hydra (Lair:1)
  A hippogriff (D:8)
2 creatures vanquished.

Vanquished Creatures (others)
  2 fungi (D:8)
2 creatures vanquished.

Grand Total: 250 creatures vanquished

Notes
Turn   | Place    | Note
-------+----------+-------------------------------------------
     0 | D:1      | Cimanyd the Tengu Conjurer began the quest for the Orb.
     0 | D:1      | Reached XP level 1. HP: 10/10 MP: 4/4
   249 | D:1      | Reached XP level 2. HP: 12/15 MP: 1/6
   294 | D:1      | Learned a level 2 spell: Searing Ray
   399 | D:1      | Reached skill level 6 in Conjurations
   657 | D:1      | Reached XP level 3. HP: 15/19 MP: 1/7
  1389 | D:2      | Reached skill level 7 in Conjurations
  1475 | D:2      | Reached XP level 4. HP: 20/24 MP: 8/8
  2141 | D:3      | Noticed an ogre
  2321 | D:2      | Reached skill level 8 in Conjurations
  2517 | D:3      | Gained mutation: You can fly. [Tengu growth]
  2517 | D:3      | Reached XP level 5. HP: 23/28 MP: 4/9
  2785 | D:3      | Learned a level 5 spell: Iskenderun's Battlesphere
  2803 | D:3      | Found a runed door.
  3035 | D:3      | Killed an ogre
  3035 | D:3      | Reached skill level 9 in Conjurations
  3035 | D:3      | Reached XP level 6. HP: 32/32 MP: 4/10
  3467 | D:4      | Noticed Edmund
  3601 | D:4      | Found a shimmering altar of Xom.
  3609 | D:4      | Noticed Sigmund
  4124 | D:4      | Reached skill level 10 in Conjurations
  4434 | D:4      | Reached skill level 1 in Charms
  4574 | D:4      | Reached XP level 7. HP: 11/36 MP: 0/11
  4890 | D:4      | Killed Sigmund
  5732 | D:4      | Reached skill level 1 in Fighting
  5887 | D:5      | Entered Level 5 of the Dungeon
  6382 | D:5      | Reached XP level 8. HP: 44/44 MP: 4/12
  7341 | D:5      | Found a sparkling altar of Nemelex Xobeh.
  7343 | D:5      | Found an ancient bone altar of Kikubaaqudgha.
  7343 | D:5      | Found a glowing golden altar of the Shining One.
  7410 | D:6      | Noticed Grinder
  7481 | D:6      | Reached skill level 5 in Dodging
  7846 | D:6      | Found a staircase to the Ecumenical Temple.
  7854 | Temple   | Entered the Ecumenical Temple
  8237 | D:7      | Learned a level 1 spell: Animate Skeleton
  8239 | D:7      | Learned a level 1 spell: Apportation
  8262 | D:7      | Noticed Duvessa
  8355 | D:7      | Found a shimmering altar of Xom.
  8792 | D:7      | Noticed Dowan
  8883 | D:8      | Reached skill level 5 in Fighting
  8883 | D:8      | Reached XP level 9. HP: 54/54 MP: 5/13
  9245 | D:8      | Gained mutation: You are partially covered in slimy green scales. (AC +2) [potion of beneficial mutation]
  9436 | D:8      | Found a sacrificial altar of Ru.
  9476 | D:8      | Found Dythimen's Magic Scroll Shop.
  9754 | D:8      | Found a deep blue altar of Sif Muna.
  9757 | D:8      | Became a worshipper of Sif Muna the Loreminder
 10108 | D:8      | Found a hazy altar of Hepliaklqana.
 10542 | D:6      | Killed Grinder
 10542 | D:6      | Reached skill level 11 in Conjurations
 10913 | D:6      | Reached * piety under Sif Muna
 11258 | D:6      | Reached skill level 1 in Necromancy
 11341 | D:8      | Reached skill level 1 in Translocations
 11418 | D:9      | Learned a level 5 spell: Fireball
 11466 | D:9      | Reached XP level 10. HP: 59/59 MP: 8/17
 11509 | D:8      | Reached skill level 1 in Fire Magic
 12182 | D:9      | Reached ** piety under Sif Muna
 12442 | D:9      | Found a staircase to the Lair.
 12531 | D:9      | Reached skill level 5 in Spellcasting
 13500 | D:9      | Reached skill level 5 in Fire Magic
 13687 | D:9      | Reached *** piety under Sif Muna
 13978 | Lair:1   | Entered Level 1 of the Lair of Beasts
 14328 | Lair:1   | Noticed an eight-headed hydra
 14334 | Lair:1   | Killed an eight-headed hydra
 14334 | Lair:1   | Reached skill level 12 in Conjurations
 14334 | Lair:1   | Reached XP level 11. HP: 40/63 MP: 11/22
 15112 | Lair:1   | Noticed a six-headed hydra
 15147 | Lair:1   | HP: 3/63 [six-headed hydra (1)]
 15148 | Lair:1   | Slain by a six-headed hydra

Vault maps used:
D:1:      dpeg_arrival_brainrot
D:2:      minmay_strange_pillars, minmay_tripent
D:3:      uniq_crazy_yiuf_cottage
D:4:      old_standard_altar, first_bread, serial_forest,
          infiniplex_forest_lined_4_way, infiniplex_forest_lined_room_2,
          infiniplex_forest_lined_corner, infiniplex_forest_clump_cross,
          infiniplex_forest_end_1, infiniplex_forest_straight_1,
          infiniplex_forest_clump_medium, kennysheep_generic_room_6,
          uniq_edmund, uniq_sigmund
D:5:      grunt_temple_overflow_diamond
D:6:      uniq_grinder
D:7:      basic_altar, dk_noncrumbling_4, uniq_duvessa
D:8:      nicolae_ru_the_path_less_chosen, lemuel_blue_sif_altar,
          kennysheep_little_box, serial_shops, shop
D:9:      dpeg_oklobed_lair
Temple:   eino_temple_lava

Skill      XL: |  1  2  3  4  5  6  7  8  9 10 11 |
---------------+----------------------------------+-----
Conjurations   | 6 7 8 9 10 11 12 | 12.2
Charms         | 1 3 4 |  4.0
Fighting       | 1 5 |  5.1
Dodging        | 3 6 |  6.2
Shields        | 4 |  4.3
Spellcasting   | 4 6 7 |  7.1
Necromancy     | 1 2 |  2.0
Translocations | 1 2 |  2.0
Fire Magic     | 6 |  6.9
Stealth        | |  2.0

Action                   |  1- 3 |  4- 6 |  7- 9 | 10-12 || total
-------------------------+-------+-------+-------+-------++-------
Melee: Dagger            |     8 |    21 |    23 |    18 ||    70
       Kick              |       |     7 |     6 |     4 ||    17
       Peck              |       |     3 |     4 |       ||     7
 Cast: Magic Dart        |    50 |    79 |   176 |   129 ||   434
       Searing Ray       |     1 |    14 |    30 |    13 ||    58
       Iskenderun's Batt |       |       |    22 |    28 ||    50
       Animate Skeleton  |       |       |     2 |     5 ||     7
       Fireball          |       |       |       |    16 ||    16
 Abil: Fly               |       |     2 |     3 |       ||     5
  Use: Scroll            |     1 |       |    17 |     2 ||    20
       Potion            |       |       |     1 |     1 ||     2
 Stab: Sleeping          |     2 |     2 |     2 |       ||     6
  Eat: Chunk             |     3 |     9 |    28 |    18 ||    58
       Meat ration       |       |     1 |       |       ||     1
       Pizza             |       |       |     1 |     2 ||     3
       Beef jerky        |       |       |     1 |       ||     1
       Royal jelly       |       |       |       |     1 ||     1
Armor: Robe              |       |    12 |    15 |    13 ||    40
Dodge: Dodged            |     9 |    30 |    72 |    52 ||   163
Block: Buckler           |       |       |    14 |    14 ||    28
